 Dungeon Crawl Stone Soup version 0.28-a0-1638-g9123634e07 (webtiles) character file.

Game seed: 8047708801257732773

327 hashsling the Magician (level 6, -3/32 HPs)
             Began as a Deep Elf Conjurer on Jan 25, 2022.
             Slain by a bullfrog (5 damage)
             ... in a sewer.
             The game lasted 00:10:51 (3233 turns).

hashsling the Magician (Deep Elf Conjurer)          Turns: 3233, Time: 00:10:52

Health: -3/32      AC:  4    Str:  4    XL:     6   Next: 24%
Magic:  7/17       EV: 13    Int: 25    God:
Gold:   74         SH:  0    Dex: 13    Spells: 7/17 levels left

rFire   . . .      SeeInvis .   d - +0 spear
rCold   . . .      Faith    .   (no shield)
rNeg    . . .      Spirit   .   a - +0 robe
rPois   .          Reflect  .   g - +2 hat
rElec   .          Harm     .   (no cloak)
rCorr   .          Rampage  .   (no gloves)
Will    .....                   (no boots)
Stlth   +.........              (no amulet)
HPRegen 0.10/turn               (no ring)
MPRegen 0.15/turn               (no ring)

@: very slow
A: no striking features
a: no special abilities


You were in a sewer.
You visited 1 branch of the dungeon, and saw 3 of its levels.
You also visited: Sewer.

You collected 74 gold pieces.

Inventory:

Hand Weapons
 d - a +0 spear (weapon)
Missiles
 l - a throwing net
Armour
 a - a +0 robe (worn)
 g - a +2 hat (worn)
Jewellery
 e - a +6 ring of strength
Wands
 j - a wand of acid (7)
Scrolls
 c - a scroll of fog
 k - a scroll of immolation
 m - a scroll of amnesia
 n - a scroll of vulnerability
 o - 2 scrolls of teleportation {unknown}
 q - a scroll of brand weapon {unknown}
 t - a scroll of identify
Potions
 b - a potion of mutation {unknown}
 f - 2 potions of haste {unknown}
 h - a potion of flight {unknown}
 i - a potion of heal wounds {unknown}
 p - a potion of curing {unknown}
 r - a potion of brilliance {unknown}
 s - 2 potions of cancellation {unknown}


   Skills:
 + Level 4.1 Dodging
 - Level 3.0 Stealth
 * Level 6.0 Spellcasting
 + Level 5.3 Conjurations
 * Level 3.3 Hexes


You had 7 spell levels left.
You knew the following spells:

 Your Spells              Type           Power      Damage    Failure   Level
a - Magic Dart            Conj           100%       1d8       1%          1
b - Searing Ray           Conj           68%        2d6       1%          2
c - Dazzling Flash        Conj/Hex       58%        N/A       3%          3
d - Fulminant Prism       Conj/Hex       14%        3d9       12%         4

Your spell library contained the following spells:

 Spells                   Type           Power      Damage    Failure   Level
 Corpse Rot               Necr/Air       14%        N/A       11%         2
 Iskenderun's Mystic Bla  Conj/Tloc      20%        2d6       24%         4
 Dispel Undead            Necr           7%         3d8       58%         4
 Starburst                Conj/Fire      10%        6d5       98%         6
 Death Channel            Necr           3%         N/A       100%        6


Dungeon Overview and Level Annotations

Branches:
Dungeon (3/15)              Sewer (1/1)

Altars:
Yredelemnul
The Shining One


Message History

You kill the frilled lizard!
Your Spellcasting skill increases to level 6!
Aiming: Magic Dart (safe; 1% risk of failure)
Press: ? - help, Q - select action, (/) - cycle Shift-Dir - straight line, f - bullfrog
Aim: a bullfrog (severely wounded, 100% to hit)
The magic dart hits the bullfrog.
The bullfrog is almost dead.
The bullfrog hits you! The bullfrog hits you.
Your unstable footing causes you to fumble your attack.
The bullfrog completely misses you. The bullfrog hits you.
The bullfrog barely misses you. x2
Why would you want to do that? The bullfrog hits you.
The bullfrog swells and bulges.
The bullfrog barely misses you. The bullfrog misses you. The bullfrog hits you.
The bullfrog barely misses you. The bullfrog hits you.
* * * LOW HITPOINT WARNING * * *
The bullfrog hits you but does no damage.
The bullfrog hits you.
* * * LOW HITPOINT WARNING * * *
The bullfrog barely misses you. The bullfrog hits you.
* * * LOW HITPOINT WARNING * * *
The endoplasm freezes you.
You are frozen.
* * * LOW HITPOINT WARNING * * *
The bullfrog hits you but does no damage.
The bullfrog barely misses you.
The endoplasm splashes around in the water.
The bullfrog hits you but does no damage.
The bullfrog misses you.
You see here a ball python corpse.
Casting: Magic Dart (safe; 1% risk of failure)
Confirm with . or Enter, or press ? or * to list all spells.
Casting: Dazzling Flash (dangerous; 3% risk of failure)
Press: ? - help, Dir - look around, f - activate The bullfrog is dazzled. x2; The bullfrog closely misses you.
The endoplasm completely misses you. The bullfrog barely misses you.
Unknown command.
The bullfrog hits you.
You die...

## ###################
...#≈≈≈≈≈≈≈≈≈≈≈≈≈≈≈#.###
...≈≈≈JF#≈..≈#≈≈≈≈≈≈...#
...≈†≈≈†F≈≈≈≈≈≈≈≈≈≈.....
...≈≈≈≈@≈≈≈≈≈≈≈≈≈≈≈.....
....≈≈†≈≈≈≈≈≈≈≈≈≈≈≈.....
...#≈≈≈≈≈≈≈≈≈≈≈≈≈≈≈#....
+# ##################†..
####.. #..#.. #..'..
#####. ##..


You could see 2 bullfrogs and an endoplasm.

Vanquished Creatures
  Terence (D:2)
  4 gnolls (D:2)
  14 adders
  5 river rats
  2 worms (D:3)
  2 dart slugs
  An orc (D:3)
  4 bats
  9 endoplasms
  2 giant cockroaches (D:1)
  3 goblins
  3 hobgoblins
  2 jackals (D:3)
  3 kobolds
  A quokka (D:1)
  10 ball pythons
  9 frilled lizards
  28 rats
103 creatures vanquished.

Vanquished Creatures (others)
  A fulminant prism (Sewer)
1 creature vanquished.

Grand Total: 104 creatures vanquished

Notes
Turn   | Place    | Note
-------+----------+-------------------------------------------
     0 | D:1      | hashsling the Deep Elf Conjurer began the quest for the
                  | Orb.
     0 | D:1      | Reached XP level 1. HP: 10/10 MP: 6/6
   165 | D:1      | Reached XP level 2. HP: 15/15 MP: 5/8
   168 | D:1      | Learned a level 2 spell: Searing Ray
  1053 | D:2      | Reached XP level 3. HP: 19/19 MP: 10/10
  1061 | D:2      | Found a basalt altar of Yredelemnul.
  1148 | D:2      | Reached skill level 4 in Spellcasting
  1184 | D:2      | Reached XP level 4. HP: 4/24 MP: 5/12
  1357 | D:2      | Noticed Terence
  1368 | D:2      | Killed Terence
  1374 | D:2      | Learned a level 3 spell: Dazzling Flash
  1379 | D:2      | Learned a level 4 spell: Fulminant Prism
  1530 | D:2      | Reached skill level 5 in Conjurations
  1570 | D:2      | Reached skill level 5 in Spellcasting
  1572 | D:2      | Reached skill level 1 in Hexes
  1826 | D:2      | Reached XP level 5. HP: 28/28 MP: 12/14
  1949 | D:3      | Found a faded altar of an unknown god.
  2018 | D:3      | Found a glowing golden altar of the Shining One.
  2448 | D:3      | Found a glowing drain.
  2453 | Sewer    | Entered a sewer
  2965 | Sewer    | Reached XP level 6. HP: 32/32 MP: 11/16
  3225 | Sewer    | Reached skill level 6 in Spellcasting
  3233 | Sewer    | Slain by a bullfrog

Illustrated notes

Levels and vault maps discovered:
D:1:      matt_arrival_refuge, layout_basic
D:2:      layout_rooms, basic_altar, uniq_terence
D:3:      cheibrodos_helix_gallery, layout_rooms,
          mainiacjoe_overflow_small_starburst, nicolae_tso_swordbearing_angel,
          hellmonk_ecumenical_altar_zigzags, lightli_sewer_entry_pipes
Sewer:    sewer_minmay_w

Skill      XL: |  1  2  3  4  5  6 |
---------------+-------------------+-----
Stealth        | 3 |  3.0
Dodging        | 3 4 |  4.1
Spellcasting   | 4 5 6 |  6.0
Conjurations   | 5 |  5.3
Hexes          | 1 3 |  3.3

Action                   |  1- 3 |  4- 6 || total
-------------------------+-------+-------++-------
Melee: Spear             |    10 |    14 ||    24
       Punch             |       |     1 ||     1
 Cast: Magic Dart        |    47 |   119 ||   166
       Searing Ray       |     1 |    12 ||    13
       Fulminant Prism   |       |     1 ||     1
       Dazzling Flash    |       |     1 ||     1
Evoke: Wand              |       |     1 ||     1
  Use: Scroll            |       |     4 ||     4
Armor: Robe              |     2 |    18 ||    20
Dodge: Dodged            |    10 |    54 ||    64

Table legend: (Time is in decaauts)
 A = Elapsed time spent in this place.
 B = Non-inter-level travel time spent in this place.
 C = Inter-level travel time spent in this place.
 D = Time resting spent in this place.
 E = Time spent auto-exploring this place.
 F = Levels seen in this place.
 G = Mean time per level.
                   A        B        C        D        E       F      G
               +--------+--------+--------+--------+--------+-----+--------+
         Total |   3283 |   3200 |     83 |    270 |   2287 |   4 |  820.8 |
       Dungeon |   2467 |   2384 |     83 |    270 |   1607 |   3 |  822.3 |
         Sewer |    816 |    816 |      0 |      0 |    680 |   1 |  816.0 |
               +--------+--------+--------+--------+--------+-----+--------+

Top non-repeatable levels by time:
     D:2: 1107 daAuts
     D:1: 1018 daAuts
   Sewer: 816 daAuts
     D:3: 341 daAuts
